 Dungeon Crawl Stone Soup version 0.21.1-1-g345015f (webtiles) character file.

330 wojtek the Chopper (level 6, -16/51 HPs)
             Began as a Minotaur Fighter on July 15, 2018.
             Was a Follower of Okawaru.
             Demolished by Menkaure (17 damage)
             ... on level 4 of the Dungeon.
             The game lasted 00:04:39 (2513 turns).

wojtek the Chopper (Minotaur Fighter)               Turns: 2513, Time: 00:04:40

Health: -16/51     AC: 13    Str: 23    XL:     6   Next: 26%
Magic:  7/7        EV:  7    Int:  5    God:    Okawaru [*.....]
Gold:   152        SH:  9    Dex:  9    Spells: 5/5 levels left

rFire    . . .     SeeInvis .   a - +0 war axe
rCold    . . .     Gourm    .   c - +0 shield
rNeg     . . .     Faith    .   b - +0 scale mail
rPois    .         Spirit   .   (helmet restricted)
rElec    .         Reflect  .   g - +2 cloak
rCorr    .         Harm     .   x - +2 pair of gloves
MR       .....                  (no boots)
Stlth    ..........             (no amulet)
HPRegen  0.17/turn              (no ring)
MPRegen  0.10/turn              (no ring)

@: no status effects
A: retaliatory headbutt, horns 2
a: Heroism, Renounce Religion


You were on level 4 of the Dungeon.
You worshipped Okawaru.
Okawaru was aware of your devotion.
You were not hungry.

You visited 1 branch of the dungeon, and saw 4 of its levels.

You collected 152 gold pieces.

Inventory:

Hand Weapons
 a - a +0 war axe (weapon)
Armour
 b - a +0 scale mail (worn)
 c - a +0 shield (worn)
 g - a +2 cloak (worn)
 x - a +2 pair of gloves (worn)
Jewellery
 y - a cursed -2 ring of intelligence {unknown}
Wands
 n - a wand of iceblast (7)
Scrolls
 e - 2 scrolls of enchant armour {unknown}
 i - 4 scrolls of remove curse {unknown}
 j - 2 scrolls of blinking {unknown}
 l - 2 scrolls of fog {unknown}
 p - a scroll of immolation {unknown}
 q - a scroll of amnesia {unknown}
 r - a scroll of magic mapping {unknown}
 t - 4 scrolls of identify {unknown}
 v - a scroll of noise {unknown}
 w - a scroll of random uselessness {unknown}
Potions
 d - a potion of might
 h - 2 potions of agility {unknown}
 k - a potion of lignification {unknown}
 m - a potion of heal wounds {unknown}
 s - 2 potions of mutation {unknown}
 u - 2 potions of haste {unknown}
 z - 2 potions of brilliance {unknown}
Comestibles
 f - 9 rations
 o - 5 chunks of flesh


   Skills:
 - Level 3.6 Fighting
 + Level 6.4 Axes
 - Level 3.6 Armour
 - Level 3.6 Shields
 + Level 3.7 Invocations


You had 5 spell levels left.
You didn't know any spells.

Dungeon Overview and Level Annotations

Branches:
Dungeon (4/15)
 Temple: D:4-7

Altars:
Dithmenos
Elyvilon
Okawaru

Annotations:
D:4 Menkaure


Innate Abilities, Weirdness & Mutations

You reflexively headbutt those who attack you in melee.
You have a pair of horns on your head.


Message History

You slash the gnoll!
You kill the gnoll!
Okawaru accepts your kill.
Menkaure points at you and mumbles some strange words.
Pain shoots through your body!
* * * LOW HITPOINT WARNING * * *
Menkaure screams, "Why can't you leave me to my rest?"
Menkaure casts a spell.
Menkaure seems to speed up.
Things that are here:
a spear; a gnoll corpse You barely miss Menkaure.
You headbutt Menkaure.
Menkaure is lightly damaged.
Menkaure gestures at you while chanting.
Pain shoots through your body!
* * * LOW HITPOINT WARNING * * *
You slash Menkaure!
Menkaure is heavily damaged.
Menkaure hits you!
You die...

####### ### .......... ..#
#.M...... #.# ......... #.#
#....l.. #.# ...... #.#
..####..#####.#############
...........M@..............
.#####..####)####.#######.
##.## #)#.....# #..#
#.#.##..# ##.# #.#.#...#
#.###.#.#..########
#..##.#............
##......#..##########
#................#..


You could see Menkaure.

Vanquished Creatures
  An ice beast (D:3)
  An orc wizard (D:4)
  Jessica (D:3)
  Terence (D:2)
  A hound skeleton (D:4)
  3 gnolls (D:4)
  5 adders
  An ooze (D:3)
  A dart slug (D:1)
  4 leopard geckos
  4 orcs
  A ball python (D:3)
  2 giant cockroaches
  6 goblins
  14 hobgoblins
  3 quokkas
  4 bats
  3 frilled lizards
  6 kobolds
  6 rats
68 creatures vanquished.

Notes
Turn   | Place    | Note
-------+----------+-------------------------------------------
     0 | D:1      | wojtek the Minotaur Fighter began the quest for the Orb.
     0 | D:1      | Reached XP level 1. HP: 19/19 MP: 0/0
    33 | D:1      | Reached skill level 3 in Axes
   141 | D:1      | Reached XP level 2. HP: 26/26 MP: 1/1
   289 | D:1      | Reached skill level 4 in Axes
   591 | D:2      | Found an iron altar of Okawaru.
   594 | D:2      | Reached XP level 3. HP: 31/31 MP: 2/2
   606 | D:2      | Became a worshipper of Warmaster Okawaru
   733 | D:2      | Noticed Terence
   758 | D:2      | Killed Terence
   758 | D:2      | Reached skill level 1 in Invocations
   950 | D:2      | Reached XP level 4. HP: 30/39 MP: 2/4
   993 | D:2      | Found a shadowy altar of Dithmenos.
  1038 | D:2      | Reached skill level 5 in Axes
  1071 | D:2      | Found a white marble altar of Elyvilon.
  1730 | D:3      | Noticed an ice beast
  1736 | D:3      | Killed an ice beast
  1736 | D:3      | Reached skill level 6 in Axes
  1736 | D:3      | Reached XP level 5. HP: 31/45 MP: 4/6
  1736 | D:3      | Reached * piety under Okawaru
  2004 | D:3      | Noticed Jessica
  2019 | D:3      | Killed Jessica
  2399 | D:4      | Reached XP level 6. HP: 51/51 MP: 7/7
  2478 | D:4      | Noticed Menkaure
  2512 | D:4      | HP: 1/51 [Menkaure/nerve-wracking pain (5)]
  2513 | D:4      | Demolished by Menkaure

Skill      XL: |  1  2  3  4 |
---------------+-------------+-----
Axes           | 3 4 6 |  6.4
Invocations    | 1 3 |  3.7
Fighting       | |  3.6
Armour         | |  3.6
Shields        | |  3.6

Action                   |  1- 3 |  4- 6 || total
-------------------------+-------+-------++-------
Melee: War axe           |    79 |   115 ||   194
       Headbutt          |    11 |    15 ||    26
  Eat: Chunk             |       |     5 ||     5
Armor: Scale mail        |    18 |    46 ||    64
Dodge: Dodged            |    29 |    26 ||    55
Block: Shield            |    31 |    67 ||    98
